AoeStats
← sahlipablo

Hideout

510109857Analyzed
1v1 RM · 2d ago on Sep 29, 2026· 79m 40s· 2 players
Game mode
Random Map
Map size
Tiny (2 player)
Population
200
Speed
Normal
Resources
Standard
Victory
Conquest
Starting age
Dark Age
Ending age
Imperial Age
RankedLock teamsTeams togetherTeam positionsShared explorationLock speedFull tech treeHidden civsTurbo modeCheats
Victory
Defeat
🇨🇱 Franks · Chile
599
+19
🇫🇷 Huns · France
656
-19
sahlipablo
10:24 Feudal Age
11:21 Double-Bit Axe
12:14 Wheelbarrow
17:01 Gold Mining
17:10 Stone Mining
20:39 Castle Age
21:36 Hand Cart
21:37 Bow Saw
22:05 Gold Shaft Mining
21:37 Husbandry
21:47 Scale Barding Armor
26:39 Masonry
26:10 Treadmill Crane
26:51 Ballistics
26:41 Town Watch
29:13 Ordonnance Companies
30:00 Murder Holes
30:29 Chain Barding Armor
31:54 Arson
32:11 Squires
31:32 Pikeman
32:39 Loom
33:00 Town Patrol
37:04 Imperial Age
34:47 Loom
36:39 Gambesons
37:09 Forging
37:49 Scale Mail Armor
38:27 Iron Casting
37:43 Fletching
38:57 Hoardings
38:44 Chivalry
39:04 Conscription
39:51 Architecture
40:23 Chemistry
41:43 Halberdier
44:01 Elite Throwing Axeman
45:56 Blast Furnace
44:51 Bodkin Arrow
45:12 Chain Mail Armor
45:34 Plate Barding Armor
47:08 Arrowslits
47:29 Siege Engineers
49:26 Cavalier
51:18 Paladin
58:22 Plate Mail Armor
NapoléonIer
0:28 Loom
10:23 Feudal Age
11:48 Wheelbarrow
11:03 Double-Bit Axe
12:05 Horse Collar
21:28 Castle Age
19:22 Town Watch
21:12 Scale Barding Armor
21:18 Forging
21:23 Bloodlines
23:07 Husbandry
23:31 Chain Barding Armor
23:47 Iron Casting
23:33 Squires
23:30 Gold Mining
23:32 Stone Mining
24:09 Bow Saw
27:10 Pikeman
29:29 Hand Cart
31:39 Heavy Plow
34:27 Imperial Age
32:30 Hand Cart
34:46 Imperial Age
32:17 Town Patrol
36:32 Gold Shaft Mining
37:37 Two-Man Saw
37:20 Cavalier
39:11 Plate Barding Armor
39:37 Blast Furnace
38:39 Scale Mail Armor
38:40 Padded Archer Armor
38:32 Fletching
38:31 Paladin
41:12 Conscription
40:22 Halberdier
42:24 Ballistics
43:05 Chemistry
41:51 Elite Skirmisher
44:00 Chain Mail Armor
44:01 Leather Archer Armor
43:42 Bodkin Arrow
54:07 Bracer
57:08 Light Cavalry
57:58 Bloodlines
63:54 Hussar
Connection lost

Rejoining the realm…

Still unreachable

The connection could not be restored.

Session expired

The server has moved on; the page needs a fresh start.